 Dungeon Crawl Stone Soup version 0.22-a0-305-gd21a89c538 (webtiles) character file.

391 RKaid the Poker (level 7, -19/82 HPs)
             Began as a Human Chaos Knight on Mar 29, 2018.
             Demolished by a large abomination (22 damage)
             ... on level 1 of the Abyss.
             The game lasted 00:10:04 (2523 turns).

RKaid the Poker (Human Chaos Knight)                Turns: 2523, Time: 00:10:05

Health: -19/82     AC: 23    Str: 14    XL:     7   Next: 8%
Magic:  7/7        EV:  2    Int: 12    God:    Xom [*.....]
Gold:   106        SH:  0    Dex: 13    Spells: 6/6 levels left

rFire    + + .     SeeInvis .   a - +0 spear (chaos)
rCold    + . .     Gourm    .   (no shield)
rNeg     + + +     Faith    .   (armour currently unavailable)
rPois    +         Spirit   .   (helmet currently unavailable)
rElec    +         Reflect  .   (cloak currently unavailable)
rCorr    +         Harm     .   (gloves currently unavailable)
MR       .....     NoTele   +   (boots currently unavailable)
Stlth    +.........             (no amulet)
HPRegen  0.23/turn              f - ring of protection from fire {rF+}
MPRegen  0.10/turn              (no ring)

@: confused, tree-form, resistant
A: no striking features
a: Renounce Religion


You were on level 1 of the Abyss.
You worshipped Xom.
You were a special plaything of Xom.
You were hungry.
You were a tree.
You visited 1 branch of the dungeon, and saw 3 of its levels.
You visited the Abyss 1 time.

You collected 106 gold pieces.

Inventory:

Hand Weapons
 a - a +0 spear of chaos (weapon)
Missiles
 d - 114 stones (quivered)
Armour
 b - a +2 leather armour (melded)
Jewellery
 f - a ring of protection from fire (left branch) {rF+}
   (You found it on level 3 of the Dungeon)
Wands
 q - a wand of polymorph (11)
   (You found it on level 3 of the Dungeon)
Scrolls
 e - 2 scrolls of fear
 g - a scroll of random uselessness {unknown}
 m - a scroll of blinking {unknown}
 o - 2 scrolls of remove curse
Potions
 c - a potion of curing
 k - a potion of resistance
Miscellaneous
 n - a lamp of fire
   (You found it on level 3 of the Dungeon)
Comestibles
 j - 6 rations
 p - 2 chunks of flesh


   Skills:
 + Level 4.4 Fighting
 * Level 5.6 Polearms
 - Level 2.0 Armour
 + Level 3.3 Dodging


You had 6 spell levels left.
You didn't know any spells.

Dungeon Overview and Level Annotations

Branches:
Dungeon (3/15)

Altars:


Message History

As you read the scroll labeled GIPOM RYGEQAWA, it crumbles to dust.
You feel strangely unstable.
You feel the power of the Abyss delaying your translocation!
It was a scroll of teleportation.
t - a scroll of teleportation Some of the chunks of flesh in your inventory have rotted away.
You are suddenly pulled into a different region of the Abyss!
j - 2 lumpy brown potions A spatial vortex and a spatial maelstrom come into view.
Xom plays with reality for a moment.
You begin to radiate toxic energy.
The spatial vortex moves out of view.
A spatial vortex comes into view.
Your toxic aura wanes.
Press: ? - help, v - describe, . - travel
Here: a spatial maelstrom The floor.
As you read the scroll of teleportation, it crumbles to dust.
You feel strangely unstable.
You feel the power of the Abyss delaying your translocation!
The spatial maelstrom hits you but does no damage.
The spatial maelstrom hits you.
You are suddenly pulled into a different region of the Abyss!
A lich comes into view.
The lich shouts!
You are suddenly pulled into a different region of the Abyss!
Found a corrupted altar of Lugonu.
You now have 106 gold pieces (gained 14).
The great orb of eyes turns its gaze towards you.
A large abomination comes into view.
Press: ? - help, v - describe, . - travel, g - get item
Here: a great orb of eyes A faintly glowing ring mail.
The floor.
Unknown command.
Attack whom?
Press: ? - help, Dir - move target cursor, f - great orb of eyes
Aim: a great orb of eyes You reach to attack!
You hit the great orb of eyes but do no damage.
Attack whom?
Press: ? - help, Dir - move target cursor, f/p - great orb of eyes
Aim: a great orb of eyes You reach to attack!
You hit the great orb of eyes but do no damage.
The great orb of eyes appears confused.
Attack whom?
Press: ? - help, Dir - move target cursor, f - large abomination, p - great orb of eyes
Aim: a large abomination You reach to attack!
You hit the large abomination but do no damage.
The great orb of eyes closely misses the large abomination.
You hit the large abomination but do no damage.
The large abomination seems to speed up.
The large abomination hits you!
It was a potion of curing.
You feel better.
c - a potion of curing;
j - 6 rations The great orb of eyes seems less confused.
The large abomination hits you! x2
It was a potion of resistance.
You feel protected.
The large abomination closely misses you.
It was a potion of lignification.
You turn into a tree.
Your +2 leather armour melds into your body.
Your roots penetrate the ground.
The large abomination barely misses you.
The large abomination hits you!
* * * LOW HITPOINT WARNING * * *
You are feeling hungry.
You hit the large abomination but do no damage.
Nothing appears to happen.
The large abomination hits you!
* * * LOW HITPOINT WARNING * * *
It was a potion of heal wounds.
You feel much better. The large abomination hits you!!
The large abomination hits you but does no damage.
It was a potion of flight.
Your roots keep you in place.
Xom roars with laughter!
The large abomination hits you but does no damage.
The large abomination hits you.
* * * LOW HITPOINT WARNING * * *
You hit the large abomination but do no damage.
The large abomination hits you but does no damage.
You hit the large abomination. You burn the large abomination.
Xom's power touches on your mind for a moment.
You are confused.
The large abomination hits you.
* * * LOW HITPOINT WARNING * * *
The large abomination hits you but does no damage.
You cannot move. (Use ctrl+direction to attack without moving.)
You cannot move. (Use ctrl+direction to attack without moving.)
You cannot move. (Use ctrl+direction to attack without moving.)
You cannot move. (Use ctrl+direction to attack without moving.)
You cannot move. (Use ctrl+direction to attack without moving.)
You hit the large abomination.
The large abomination convulses.
The large abomination hits you!
* * * LOW HITPOINT WARNING * * *
You swing at nothing.
The large abomination hits you!
* * * LOW HITPOINT WARNING * * *
The large abomination hits you!!
You die...
Xom thinks this is hilarious!

#.
..####
#.##
..... #.
. ## #
#. #
...... #
... .#..
###X##.#
##
##.#.# #
##..#.
#.♣X# #
####G.#
##.# #
#[# ..
..# .. #
.#


You could see a great orb of eyes and a large abomination.

Vanquished Creatures
  Grinder (D:3)
  Jessica (D:3)
  3 adders
  3 gnolls (D:3)
  3 oozes
  2 worms (D:2)
  3 dart slugs
  2 leopard geckos (D:3)
  3 orcs (D:3)
  3 giant cockroaches
  9 goblins
  6 hobgoblins
  8 jackals
  9 kobolds
  2 quokkas
  8 bats
  5 frilled lizards
  6 rats
77 creatures vanquished.

Vanquished Creatures (collateral kills)
  An adder (D:3)
1 creature vanquished.

Vanquished Creatures (others)
  A jackal (D:2)
1 creature vanquished.

Grand Total: 79 creatures vanquished

Notes
Turn   | Place    | Note
-------+----------+-------------------------------------------
     0 | D:1      | RKaid the Human Chaos Knight began the quest for the Orb.
     0 | D:1      | Reached XP level 1. HP: 18/18 MP: 1/1
    50 | D:1      | Reached XP level 2. HP: 21/24 MP: 2/2
   286 | D:1      | Reached XP level 3. HP: 29/29 MP: 3/3
   491 | D:1      | XOM: harmless Fire miscast
   886 | D:2      | Reached XP level 4. HP: 35/35 MP: 4/4
   907 | D:2      | XOM: divination: detect creatures
   924 | D:2      | XOM: mild Summ miscast
   929 | D:2      | Reached skill level 4 in Polearms
  1085 | D:2      | XOM: harmless Necr miscast
  1089 | D:2      | Reached skill level 2 in Dodging
  1347 | D:2      | XOM: mild Ice miscast
  1558 | D:3      | Noticed Jessica
  1564 | D:3      | Killed Jessica
  1564 | D:3      | Reached XP level 5. HP: 41/42 MP: 5/5
  1674 | D:3      | XOM: noise
  1696 | D:3      | XOM: smoke on damage
  1891 | D:3      | XOM: mild Tmut miscast
  1997 | D:3      | Noticed Grinder
  2004 | D:3      | Killed Grinder
  2004 | D:3      | Reached skill level 4 in Fighting
  2004 | D:3      | Reached skill level 5 in Polearms
  2004 | D:3      | Reached skill level 3 in Dodging
  2004 | D:3      | Reached XP level 6. HP: 34/49 MP: 6/6
  2172 | D:3      | Reached XP level 7. HP: 40/55 MP: 7/7
  2260 | D:3      | XOM: summons friendly ufetubus
  2344 | D:3      | XOM: medium Tloc miscast
  2344 | D:3      | Cast into level 1 of the Abyss (the capriciousness of Xom)
  2378 | Abyss:1  | Noticed a large abomination
  2454 | Abyss:1  | Noticed a spatial maelstrom
  2454 | Abyss:1  | Noticed a spatial vortex
  2454 | Abyss:1  | XOM: cast spell 'Olgreb's Toxic Radiance'
  2455 | Abyss:1  | Noticed a spatial vortex
  2460 | Abyss:1  | Noticed a lich
  2475 | Abyss:1  | Found a corrupted altar of Lugonu.
  2505 | Abyss:1  | Noticed a great orb of eyes
  2507 | Abyss:1  | Noticed a large abomination
  2517 | Abyss:1  | HP: 14/82 [large abomination (8)]
  2521 | Abyss:1  | XOM: confusion
  2522 | Abyss:1  | HP: 12/82 [large abomination (9)]
  2523 | Abyss:1  | HP: 3/82 [large abomination (9)]
  2523 | Abyss:1  | Demolished by a large abomination

Vault maps used:
D:1:      erik_arrival_gehennom, minmay_misc_feat_pillars
D:2:      first_ration, small_statue_intersection
D:3:      minmay_checkerbox, uniq_grinder, uniq_jessica

Skill      XL: |  1  2  3  4  5 |
---------------+----------------+-----
Polearms       | 4 5 |  5.6
Dodging        | 2 3 |  3.3
Fighting       | 4 |  4.4
Armour         | |  2.0

Action                   |  1- 3 |  4- 6 |  7- 9 || total
-------------------------+-------+-------+-------++-------
Melee: Spear             |   103 |   190 |    18 ||   311
Throw: Stone             |     2 |       |       ||     2
Evoke: Lamp of fire      |       |     1 |       ||     1
  Use: Scroll            |     2 |       |     2 ||     4
       Potion            |       |       |     5 ||     5
 Stab: Sleeping          |     1 |     1 |       ||     2
       Distracted        |     1 |       |       ||     1
  Eat: Chunk             |       |     4 |     1 ||     5
Armor: Leather armour    |    19 |    43 |     2 ||    64
       Skin              |       |       |     4 ||     4
Dodge: Dodged            |    43 |    71 |     6 ||   120

Table legend:
 A = Spawn XP
 B = Non-spawn XP
 C = Spawn XP percentage of total XP
 D = Spawn monster count
 E = Non-spawn monster count
 F = Spawn count percentage of total count
 G = Total turns spent on level
                    A         B        C        D         E        F      G
               +---------+---------+-------+---------+---------+-------+---------
         Total |       0 |     559 |   0.0 |       0 |      79 |   0.0 |  2523
               +---------+---------+-------+---------+---------+-------+---------
           D:1 |       0 |      63 |   0.0 |       0 |      30 |   0.0 |   856
           D:2 |       0 |      60 |   0.0 |       0 |      22 |   0.0 |   662
           D:3 |       0 |     436 |   0.0 |       0 |      27 |   0.0 |   826
               +---------+---------+-------+---------+---------+-------+---------

Table legend:
 A = Turns spent in this place as a percentage of turns spent in the entire game.
 B = Non-inter-level travel turns spent in this place as a percentage of non-inter-level travel turns spent in the entire game.
 C = Inter-level travel turns spent in this place as a percentage of turns spent in this place.
 D = Turns resting spent in this place as a percentage of non-inter-level travel turns spent in this place.
 E = Turns spent auto-exploring this place as a percentage of non-inter-level travel turns spent in this place.
 F = Non-inter-level travel turns spent in this place divided by the number of levels of this place that you've seen.
                   A       B       C       D       E      F
               +-------+-------+-------+-------+-------+----------------------
         Total | 100.0 | 100.0 |   3.6 |  22.2 |  46.2 | 608.0
       Dungeon |  92.9 |  92.6 |   3.9 |  23.9 |  49.9 | 751.0
         Abyss |   7.1 |   7.4 |   0.0 |   0.0 |   0.0 | 179.0
               +-------+-------+-------+-------+-------+----------------------

Table legend:
 A = Kills in this place as a percentage of kills in entire the game.
 B = Kills by you in this place as a percentage of kills by you in the entire game.
 C = Kills by friends in this place as a percentage of kills by friends in the entire game.
 D = Other kills in this place as a percentage of other kills in the entire game.
 E = Experience gained in this place as a percentage of experience gained in the entire game.
 F = Experience gained in this place divided by the number of levels of this place that you have seen.
                   A       B       C       D       E      F
               +-------+-------+-------+-------+-------+----------------------
         Total | 100.0 | 100.0 | 100.0 | 100.0 | 100.0 | 139.8
       Dungeon | 100.0 | 100.0 | 100.0 | 100.0 | 100.0 | 186.3
               +-------+-------+-------+-------+-------+----------------------
